Unix NetHack Version 3.7.0-94 Work-in-progress - last build Dec 13 2023 01:40:03 (eb5afe49d650b6f5c6196fad733e3b2b9fb6c025,branch:master). Game began 2023-12-16 09:47:30, ended 2023-12-16 10:00:58. gargor, neutral male human Tourist ------ |.....# -+----------- |....|###` #............| -------- |....|## ####|...........| |.......# |....+ #|...........| ##.......|### -.--.- #|..........>| ## -.------ ###### # #............| # # ## |...........| # # ## -------|----- # # ##### -------- # # ## #-------------- |.......#### # #### # #-@.%.)%%%.].!| |..<...| # # #-------|---- |....%%.]!...| |......| ####################`##|..........| |..%...%%%%.%| |......+ ##### # ## |..........| |.%!%%m!%f!..| |..{...| # # |..........| |.%%%.%@%.%..| |......| --------.---- ###-..........| -------------- -------- .........>..| ## |..........| |............### ------------ ------------- Gargor the Rambler St:10 Dx:10 Co:12 In:16 Wi:11 Ch:17 Neutral S:365 Dlvl:3 $:702 HP:0(17) Pw:5(5) AC:7 Xp:2/39 T:1138 Burdened Latest messages: Pick an object. Unknown direction: 's' (use 'h', 'j', 'k', 'l' or '.'). Miri picks up a food ration. You see here a food ration (for sale, 45 zorkmids). You see here 2 tins (for sale, 12 zorkmids). You see here a food ration (for sale, 45 zorkmids). You see here a slime mold (for sale, 17 zorkmids). Miri drops a food ration. Miri picks up a food ration. Miri drops a food ration. You see here a dark potion (for sale, 50 zorkmids). Miri picks up a food ration. "For you, esteemed sir; only 50 zorkmids for this dark potion." You have a little trouble lifting D - a dark potion (unpaid, 50 zorkmids). Miri drops a food ration. You see here a dark potion (for sale, 50 zorkmids). What do you want to call? [nrsvwzD or ?*] ? Call a dark potion: dark comestible What do you want to drop? [$a-eg-wzA-D or ?*] D You drop a potion called dark comestible (unpaid, 50 zorkmids). You see here 2 food rations (for sale, 90 zorkmids). You hear water falling on coins. You see here a magenta potion (for sale, 67 zorkmids). Miri picks up a potion called dark comestible. Miri drops a potion called dark comestible. "For you, honored sir; only 67 zorkmids for this magenta potion." You have a little trouble lifting E - a magenta potion (unpaid, 67 zorkmids). What do you want to call? [nrsvwzE or ?*] E Call a magenta potion: magenta comestible What do you want to drop? [$a-eg-wzA-CE or ?*] E You drop a potion called magenta comestible (unpaid, 67 zorkmids). Miri picks up a pancake. Miri drops a pancake. You see here a food ration (for sale, 45 zorkmids). You see here a tin (for sale, 6 zorkmids). Miri picks up a potion called dark comestible. Wait! That's a small mimic! Miri drops a potion called dark comestible. In what direction? y The dart hits the small mimic! In what direction? y The dart hits the small mimic! Banjoewangi seems uninterested. The small mimic hits! You stop. Miri is in the way! The small mimic hits! You die... Banjoewangi gratefully inherits all your possessions. Do you want to see what you had when you died? [ynq] (y) y Do you want to see your attributes? [ynq] (y) q Inventory: Coins $ - 702 gold pieces Weapons a - 18 +2 darts (at the ready) u - 6 cursed +0 darts C - a +0 knife m - a +1 orcish short sword Armor o - an uncursed +0 cloak of displacement (being worn) i - an uncursed +0 Hawaiian shirt with a hibiscus flower motif (being worn) p - an uncursed +0 leather armor (being worn) Comestibles d - 3 uncursed slime molds B - an uncursed carrot b - 9 uncursed food rations A - an uncursed fortune cookie c - an uncursed tripe ration q - an uncursed rotten tin of jackal meat e - an uncursed egg t - an uncursed lichen corpse Scrolls h - 4 uncursed scrolls of magic mapping Spellbooks r - an uncursed spellbook of slow monster Potions w - an uncursed potion of blindness z - a blessed potion of booze g - an uncursed potion of extra healing n - 3 uncursed potions of healing Rings v - an uncursed ring of cold resistance Tools k - an uncursed credit card j - an expensive camera (0:92) l - an uncursed towel Gems/Stones s - an uncursed jade stone Gargor the Tourist's attributes: Background: You were a Rambler, a level 2 male human Tourist. You were neutral, nominally on a mission for The Lady who was opposed by Blind Io (lawful) and Offler (chaotic). You were right-handed. You were in the Dungeons of Doom, on level 3. You entered the dungeon 1138 turns ago. You had 39 experience points, 1 more was needed to attain level 3. Your score was 365 before end-of-game adjustments. Basics: You had 0 out of 17 hit points. You had all 5 energy points (spell power). Your armor class was 7. Your wallet contained 702 zorkmids. Autopickup was off. Final Characteristics: Your strength was 10 (limit:18/100). Your dexterity was 10 (limit:18). Your constitution was 12 (limit:18). Your intelligence was 16 (limit:18). Your wisdom was 11 (limit:18). Your charisma was 17 (limit:18). Final Status: You weren't hungry. You were burdened; movement was slightly slowed. You were bare handed. You were unskilled in bare handed combat. Final Attributes: You were nominally aligned. You were displaced. You were warded. You are dead. Miscellaneous: You never encountered a bones level. Total elapsed playing time was 13 minutes and 28 seconds. Major events: Turn 1: gargor the neutral male human Tourist entered the dungeon 568: entered the Gnomish Mines 1138: killed by a small mimic Vanquished creatures: a small mimic a giant rat a jackal a fox a kobold 3 grid bugs 2 lichens 2 kobold zombies 5 newts 17 creatures vanquished. No species were genocided or became extinct. Voluntary challenges: You were an atheist. You never hit with a wielded weapon. You were illiterate. You never engraved Elbereth. You never genocided any monsters. You never polymorphed an object. You never changed form. You used no wishes. Achievements: You entered the Gnomish Mines. You entered a shop. The Dungeons of Doom: levels 1 to 3 Level 1: Some fountains. Level 2: Level 3: <- You were here. A delicatessen, a fountain. Stairs down to The Gnomish Mines. Final resting place for you, killed by a small mimic. The Gnomish Mines: Level 4: Game over: ---------- / \ / REST \ / IN \ / PEACE \ / \ | gargor | | 702 Au | | killed by a | | small mimic | | | | | | 2023 | *| * * * | * _________)/\\_//(\/(/\)/\//\/|_)_______ Aloha gargor the Tourist... You died in The Dungeons of Doom on dungeon level 3 with 364 points, and 702 pieces of gold, after 1138 moves. You were level 2 with a maximum of 17 hit points when you died.